 Dungeon Crawl Stone Soup version 0.27.0-1-g7a089689b8 (webtiles) character file.

Game seed: 13300639134370027182

160 shakesphere1979 the Vexing (level 5, -2/25 HPs)
             Began as a Spriggan Arcane Marksman on Aug 3, 2021.
             Was a Follower of Okawaru.
             Slain by an ogre (26 damage)
             ... on level 4 of the Dungeon.
             The game lasted 00:08:47 (3248 turns).

shakesphere1979 the Vexing (SpAM)                   Turns: 3248, Time: 00:08:47

Health: -2/25      AC:  2    Str:  6    XL:     5   Next: 17%
Magic:  9/9        EV: 18    Int: 14    God:    Okawaru [*.....]
Gold:   99         SH:  0    Dex: 17    Spells: 7/8 levels left

rFire    . . .     SeeInvis +   b - +1 dagger (venom)
rCold    . . .     Faith    .   (shield restricted)
rNeg     . . .     Spirit   .   d - +0 robe
rPois    .         Reflect  .   (helmet restricted)
rElec    .         Harm     .   (no cloak)
rCorr    .         Rampage  .   (gloves unavailable)
Will     .....                  (boots unavailable)
Stlth    ++........             (no amulet)
HPRegen  0.08/turn              (no ring)
MPRegen  0.11/turn              (no ring)

@: very quick
A: very small, no large weapons, unfitting armour, see invisible, speed 3
a: Renounce Religion, Heroism


You were on level 4 of the Dungeon.
You worshipped Okawaru.
Okawaru was aware of your devotion.
You visited 1 branch of the dungeon, and saw 4 of its levels.

You collected 99 gold pieces.

Inventory:

Hand Weapons
 a - a +0 hunting sling
 b - a +1 dagger of venom (weapon)
 o - a +0 whip
 s - a +1 short sword of speed
Missiles
 c - 31 sling bullets
 f - 63 arrows
 j - 12 bolts
 m - 40 stones (quivered)
Armour
 d - a +0 robe (worn)
Wands
 t - a wand of iceblast (6)
Scrolls
 e - 2 scrolls of enchant armour {unknown}
 h - a scroll of identify {unknown}
 i - a scroll of amnesia {unknown}
 n - a scroll of blinking {unknown}
 p - 2 scrolls of teleportation {unknown}
 q - a scroll of noise {unknown}
 r - a scroll of magic mapping {unknown}
 u - a scroll of brand weapon {unknown}
Potions
 g - a potion of curing {unknown}
 k - 2 potions of degeneration {unknown}
 l - a potion of heal wounds


   Skills:
 + Level 1.5 Fighting
 + Level 3.9 Slings
 + Level 3.5 Dodging
 + Level 2.5 Stealth
 + Level 2.4 Spellcasting
 + Level 4.6 Hexes


You had 7 spell levels left.
You knew the following spells:

 Your Spells              Type           Power      Damage    Failure   Level
a - Corona                Hex            15%        N/A       3%          1

Your spell library contained the following spells:

 Spells                   Type           Power      Damage    Failure   Level
 Slow                     Hex            14%        N/A       4%          2
 Inner Flame              Hex/Fire       8%         N/A       26%         3
 Portal Projectile        Hex/Tloc       16%        N/A       26%         3
 Cause Fear               Hex            7%         N/A       32%         4
 Sublimation of Blood     Necr           0%         N/A       34%         2
 Petrify                  Tmut/Erth      1%         N/A       92%         4
 Irradiate                Conj/Tmut      0%         3d13      99%         5


Dungeon Overview and Level Annotations

Branches:
Dungeon (3/15)

Altars:
Okawaru

Annotations:
D:3 1 runed translucent door, Crazy Yiuf, Terence


Innate Abilities, Weirdness & Mutations

You are very small and have problems with some larger weapons.
You are too small for most types of armour.
You have supernaturally acute eyesight. (SInv)
You cover ground extremely quickly. (Speed+++)


Message History

You hit the centaur.
You kill the centaur!
Okawaru is honoured by your kill. The dart slug barely misses you.
Your Stealth skill increases to level 2!
You have reached level 5!
You feel agile.
You hit the dart slug but do no damage. The dart slug closely misses you.
You hit the dart slug.
The dart slug is poisoned.
The dart slug is moderately wounded.
You hit the dart slug but do no damage.
The dart slug looks even sicker.
The dart slug is moderately wounded.
You kill the dart slug!
Okawaru accepts your kill.
No target in view!
Found a scroll labelled CICU SOJA VAI.
f - 63 arrows (gained 21)
Things that are here:
a +0 shortbow; a centaur corpse You see here a dart slug corpse.
You start resting.
HP restored.
Things that are here:
a +0 shortbow; a centaur corpse
u - a scroll labelled CICU SOJA VAI
p - 2 scrolls labelled VUYHIE NISTIDD (gained 1)
A kobold and an ogre come into view.
The ogre shouts!
The kobold shouts!
The kobold closely misses you.
You hit the kobold.
The kobold is poisoned.
The kobold is moderately wounded.
The kobold hits you with a +0 short sword.
You hit the kobold.
You kill the kobold!
Okawaru accepts your kill.
You barely miss the ogre.
The ogre hits you with a +0 giant spiked club!!
Ouch! That really hurt!
You die...

### #.. #.# #.###
#.#.. #O#.# #@#.#
#.#.######## .
#..........# .
#...######.# .
#...## #.######.
#..... ##........
#.....###.........
#......#..........
#......†).........


You could see an ogre.

Vanquished Creatures
  A centaur (D:4)
  3 adders
  2 dart slugs
  4 endoplasms
  6 giant cockroaches
  6 hobgoblins
  2 quokkas (D:2)
  5 ball pythons
  A bat (D:1)
  2 frilled lizards
  7 goblins
  4 kobolds
  7 rats
50 creatures vanquished.

Notes
Turn   | Place    | Note
-------+----------+-------------------------------------------
     0 | D:1      | shakesphere1979 the Spriggan Arcane Marksman began the
                  | quest for the Orb.
     0 | D:1      | Reached XP level 1. HP: 9/9 MP: 3/3
   275 | D:1      | Reached skill level 4 in Hexes
   434 | D:1      | Reached XP level 2. HP: 14/14 MP: 5/5
  1096 | D:2      | Reached XP level 3. HP: 4/17 MP: 6/6
  1748 | D:2      | Reached skill level 1 in Fighting
  1748 | D:2      | Reached skill level 1 in Stealth
  1973 | D:2      | Found a faded altar of an unknown god.
  1981 | D:2      | Became a worshipper of Warmaster Okawaru
  1981 | D:2      | Reached * piety under Okawaru
  2280 | D:2      | Reached XP level 4. HP: 16/22 MP: 7/7
  2615 | D:3      | Noticed Terence
  3054 | D:3      | Found a runed translucent door.
  3055 | D:3      | Noticed Crazy Yiuf
  3163 | D:3      | You fall into a shaft and drop 1 floor!
  3164 | D:4      | Noticed a centaur
  3178 | D:4      | Killed a centaur
  3179 | D:4      | Reached XP level 5. HP: 22/25 MP: 9/9
  3242 | D:4      | Noticed an ogre
  3248 | D:4      | Slain by an ogre

Illustrated notes

Levels and vault maps discovered:
D:1:      shiori_arrival_oz, layout_loops_ring, serial_bayou_crossing
D:2:      layout_basic, dreamdust_ecumenical_altar_hidden_monk_grotto,
          minmay_goblin_kobold_house
D:3:      layout_loops_ring, uniq_terence, uniq_crazy_yiuf_cottage
D:4:      layout_loops_ring, serial_shops, shop, kennysheep_decorative_pillar,
          kennysheep_cluttered_room, minmay_pentangle

Skill      XL: |  1  2  3  4 |
---------------+-------------+-----
Hexes          | 4 |  4.6
Slings         | 3 |  3.9
Dodging        | 3 |  3.5
Fighting       | 1 |  1.5
Stealth        | 1 2 |  2.5
Spellcasting   | 2 |  2.4

Action                   |  1- 3 |  4- 6 || total
-------------------------+-------+-------++-------
Melee: Dagger            |    28 |    32 ||    60
       Whip              |    25 |       ||    25
       Short sword       |    21 |       ||    21
 Fire: Hunting sling     |   111 |       ||   111
  Use: Potion            |       |     1 ||     1
 Stab: Sleeping          |     2 |       ||     2
Armor: Robe              |    10 |     6 ||    16
Dodge: Dodged            |    95 |    39 ||   134
